IL
PAWTUCKET RED SOX @ ROUND ROCK EXPRESS
07/05/2048
 
TOP OF THE 1ST
Pawtucket Red Sox batting - Pitching for Round Rock Express : RHP Andy Zecher
Pitching: RHP Andy Zecher
Batting: RHB Andy Garvin 0-0: Ball
1-0: Ball
2-0: Ball
3-0: Base on Balls
Batting: RHB Rodolfo Contreras 0-0: Foul Ball, location: 2F
0-1: Ball
1-1: Ball
2-1: Ball
3-1: SINGLE (Line Drive, 3D, EV 95.6 MPH)
Andy Garvin to second
Runner from 2nd tries for 3rd, SAFE, throw by RF made to third
Batting: SHB Ben Ervin 0-0: Swinging Strike
0-1: Ball
1-1: Swinging Strike
1-2: Ball
2-2: Foul Ball, location: 2F
2-2: Fly out, F9 (Flyball, 9LM, EV 104.4 MPH)
Batting: LHB Frank Olivo 0-0: Called Strike
Rodolfo Contreras steals 2nd base
0-1: Swinging Strike
0-2: Ball
1-2: Strikes out swinging
Batting: RHB Carlos Nolasco 0-0: Foul Ball, location: 2F
0-1: DOUBLE (Line Drive, 78D, EV 105.6 MPH)
Andy Garvin scores
Rodolfo Contreras scores
Batting: RHB Sal Rivera 0-0: Ground out 6-3 (Groundball, 6M, EV 101.2 MPH)
Top of the 1st over - 2 runs, 2 hits, 0 errors, 1 left on base; Pawtucket 2 - Round Rock 0
BOTTOM OF THE 1ST
Round Rock Express batting - Pitching for Pawtucket Red Sox : RHP Danny Klomp
Pitching: RHP Danny Klomp
Batting: RHB Bill Turnbull 0-0: Called Strike
0-1: Ball
1-1: Foul Ball, location: 2F
1-2: Strikes out swinging
Batting: RHB Carlos Lopez 0-0: Fly out, F8 (Flyball, 8RD, EV 95.6 MPH)
Batting: LHB Josh Stuck 0-0: Ball
1-0: Called Strike
1-1: Swinging Strike
1-2: SINGLE (Line Drive, 89S, EV 100.6 MPH)
Batting: LHB Zion Davidson 0-0: Ball
1-0: Ground out U3 (Groundball, 3, EV 108.1 MPH)
Bottom of the 1st over - 0 runs, 1 hit, 0 errors, 1 left on base; Pawtucket 2 - Round Rock 0
TOP OF THE 2ND
Pawtucket Red Sox batting - Pitching for Round Rock Express : RHP Andy Zecher
Batting: RHB Joe Sandoval 0-0: Called Strike
0-1: Foul Ball, location: 2F
0-2: Foul Ball, location: 2F
0-2: Ball
1-2: DOUBLE (Line Drive, 78XD, EV 100.0 MPH)
Batting: RHB Neil Mautone 0-0: Ball
1-0: Ball
2-0: Called Strike
2-1: Ball
3-1: Base on Balls
Batting: RHB Joe Evrard 0-0: Ball
1-0: Ball
2-0: Fielders Choice at 2nd, 3-6 (Groundball, 3, EV 97.5 MPH)
Joe Sandoval to third
Batting: RHB Andy Garvin 0-0: Fly out, F7 (Flyball, 7, EV 77.5 MPH)
Runner from 3rd tags up, SCORES, throw by LF
Batting: RHB Rodolfo Contreras 0-0: Called Strike
0-1: Fly out, F9 (Flyball, 9LSF, EV 91.2 MPH)
Top of the 2nd over - 1 run, 1 hit, 0 errors, 1 left on base; Pawtucket 3 - Round Rock 0
BOTTOM OF THE 2ND
Round Rock Express batting - Pitching for Pawtucket Red Sox : RHP Danny Klomp
Batting: RHB Adryão Anto 0-0: Ball
1-0: Foul Ball, location: 2F
1-1: Ball
2-1: Foul Ball, location: 2F
2-2: Ball
3-2: Fly out, F8 (Line Drive, 8RM, EV 88.8 MPH)
Batting: RHB Martin Guerrero 0-0: Ball
1-0: Called Strike
1-1: Foul Ball, location: 2F
1-2: Foul Ball, location: 2F
1-2: Ball
2-2: Foul Ball, location: 2F
2-2: Foul Ball, location: 2F
2-2: Ball
3-2: Ground out 4-3 (Groundball, 4M, EV 90.0 MPH)
Batting: RHB Ivan Colon 0-0: SINGLE (Line Drive, 9S, EV 98.8 MPH)
Batting: RHB Danny Heyer 0-0: Called Strike
0-1: Swinging Strike
0-2: Ball
1-2: Ball
2-2: Strikes out swinging
Bottom of the 2nd over - 0 runs, 1 hit, 0 errors, 1 left on base; Pawtucket 3 - Round Rock 0
TOP OF THE 3RD
Pawtucket Red Sox batting - Pitching for Round Rock Express : RHP Andy Zecher
Batting: SHB Ben Ervin 0-0: Ball
1-0: Called Strike
1-1: Ball
2-1: Ball
3-1: Ground out U3 (Groundball, 3S, EV 60.6 MPH)
Batting: LHB Frank Olivo 0-0: Called Strike
0-1: Foul Ball, location: 2F
0-2: Ball
1-2: Ball
2-2: Foul Ball, location: 2F
2-2: Foul Ball, location: 2F
2-2: Foul Ball, location: 2F
2-2: Fly out, F9 (Line Drive, 9LM, EV 106.2 MPH)
Batting: RHB Carlos Nolasco 0-0: Called Strike
0-1: Called Strike
0-2: Ball
1-2: DOUBLE (Line Drive, 9LS, EV 100.6 MPH)
Batting: RHB Sal Rivera 0-0: Called Strike
0-1: Swinging Strike
0-2: Ball
1-2: Ground out 5-3 (Groundball, 56, EV 80.0 MPH)
Top of the 3rd over - 0 runs, 1 hit, 0 errors, 1 left on base; Pawtucket 3 - Round Rock 0
BOTTOM OF THE 3RD
Round Rock Express batting - Pitching for Pawtucket Red Sox : RHP Danny Klomp
Batting: RHB C.J. Sagle 0-0: Ball
1-0: Called Strike
1-1: Called Strike
1-2: Strikes out swinging
Batting: RHB Bill Turnbull 0-0: Ball
1-0: Fly out, F9 (Flyball, 9S, EV 80.6 MPH)
Batting: RHB Carlos Lopez 0-0: Ball
1-0: Foul Ball, location: 2F
1-1: Ground out 6-3 (Groundball, 6, EV 106.9 MPH)
Bottom of the 3rd over - 0 runs, 0 hits, 0 errors, 0 left on base; Pawtucket 3 - Round Rock 0
TOP OF THE 4TH
Pawtucket Red Sox batting - Pitching for Round Rock Express : RHP Andy Zecher
Batting: RHB Joe Sandoval 0-0: Ball
1-0: Foul Ball, location: 2F
1-1: Ground out 4-3 (Groundball, 4, EV 86.2 MPH)
Batting: RHB Neil Mautone 0-0: Ball
1-0: Foul Ball, location: 2F
1-1: Called Strike
1-2: Ground out 4-3 (Groundball, 4S, EV 84.4 MPH)
Batting: RHB Joe Evrard 0-0: Ball
1-0: Called Strike
1-1: Called Strike
1-2: Foul Ball, location: 2F
1-2: Strikes out swinging
Top of the 4th over - 0 runs, 0 hits, 0 errors, 0 left on base; Pawtucket 3 - Round Rock 0
BOTTOM OF THE 4TH
Round Rock Express batting - Pitching for Pawtucket Red Sox : RHP Danny Klomp
Batting: LHB Josh Stuck 0-0: Ball
1-0: Called Strike
1-1: SOLO HOME RUN (Flyball, 9LD, EV 95.6 MPH), Distance : 335 ft
Batting: LHB Zion Davidson 0-0: Called Strike
0-1: Ball
1-1: Ball
2-1: Ball
3-1: Base on Balls
Batting: RHB Adryão Anto 0-0: Called Strike
0-1: Ball
Zion Davidson steals 2nd base
1-1: Ball
2-1: Foul Ball, location: 2F
2-2: Strikes out swinging
Batting: RHB Martin Guerrero 0-0: Ball
Zion Davidson steals 3rd, throwing error, E2
Zion Davidson scores
1-0: Called Strike
1-1: Called Strike
1-2: Strikes out swinging
Batting: RHB Ivan Colon 0-0: Swinging Strike
0-1: Ball
1-1: Ball
2-1: Foul Ball, location: 2F
2-2: Strikes out looking
Bottom of the 4th over - 2 runs, 1 hit, 1 error, 0 left on base; Pawtucket 3 - Round Rock 2
TOP OF THE 5TH
Pawtucket Red Sox batting - Pitching for Round Rock Express : RHP Andy Zecher
Batting: RHB Andy Garvin 0-0: Called Strike
0-1: Ball
1-1: SINGLE (Line Drive, 78S, EV 93.8 MPH)
Batting: RHB Rodolfo Contreras 0-0: Ball
1-0: Ball
Andy Garvin steals 2nd base
2-0: Foul Ball, location: 2F
2-1: Ball
3-1: Foul Ball, location: 2F
3-2: Ground out 6-3 (Groundball, 56, EV 85.6 MPH)
Batting: SHB Ben Ervin 0-0: Ground out 6-3 (Groundball, 6, EV 108.8 MPH)
Batting: LHB Frank Olivo 0-0: Ball
1-0: Ball
2-0: Foul Ball, location: 2F
2-1: Foul Ball, location: 2F
2-2: Foul Ball, location: 2F
2-2: SINGLE (Groundball, 5S, EV 65.0 MPH) (infield hit)
Andy Garvin to third
Batting: RHB Carlos Nolasco 0-0: Ball
1-0: Ball
2-0: DOUBLE (Line Drive, 9LD, EV 107.5 MPH)
Andy Garvin scores
Frank Olivo to third
Runner from 3rd tries for Home, SAFE, throw by RF to trailing runner, SAFE at third!
Pitching: RHP Tom Jensen
Batting: RHB Sal Rivera 0-0: Called Strike
0-1: Ball
1-1: Ball
2-1: Foul Ball, location: 2F
2-2: Fly out, F8 (Flyball, 78D, EV 95.6 MPH)
Top of the 5th over - 2 runs, 3 hits, 0 errors, 1 left on base; Pawtucket 5 - Round Rock 2
BOTTOM OF THE 5TH
Round Rock Express batting - Pitching for Pawtucket Red Sox : RHP Danny Klomp
Batting: RHB Danny Heyer 0-0: Ball
1-0: Ball
2-0: Ball
3-0: Foul Ball, location: 2F
3-1: Base on Balls
Batting: RHB C.J. Sagle 0-0: Ball
1-0: Foul Ball, location: 2F
1-1: Foul Ball, location: 2F
1-2: Ball
2-2: DOUBLE (Line Drive, 78D, EV 101.9 MPH)
Danny Heyer to third
Batting: RHB Bill Turnbull 0-0: Ball
1-0: Called Strike
1-1: Swinging Strike
1-2: Ball
2-2: Foul Ball, location: 2F
2-2: Strikes out swinging
Batting: RHB Carlos Lopez 0-0: Called Strike
0-1: Fly out, F8 (Line Drive, 8LM, EV 97.5 MPH)
Batting: LHB Josh Stuck 0-0: Ball
1-0: Fly out, F8 (Flyball, 8LD, EV 102.5 MPH)
Bottom of the 5th over - 0 runs, 1 hit, 0 errors, 2 left on base; Pawtucket 5 - Round Rock 2
TOP OF THE 6TH
Pawtucket Red Sox batting - Pitching for Round Rock Express : RHP Tom Jensen
Pinch Hitting: LHB Julian Toney 0-0: Ball
1-0: Ball
2-0: Ball
3-0: Called Strike
3-1: Called Strike
3-2: Fly out, F8 (Flyball, 8RM, EV 75.0 MPH)
Batting: RHB Neil Mautone 0-0: Called Strike
0-1: Ball
1-1: Called Strike
1-2: Foul Ball, location: 2F
1-2: Ball
2-2: SINGLE (Groundball, 34D, EV 96.2 MPH)
Batting: RHB Joe Evrard 0-0: Called Strike
0-1: Foul Ball, location: 2F
0-2: Strikes out swinging
Batting: RHB Andy Garvin 0-0: Called Strike
0-1: Ball
1-1: Ball
2-1: Swinging Strike
2-2: Ball
3-2: Base on Balls
Neil Mautone to second
Batting: RHB Rodolfo Contreras 0-0: Swinging Strike
0-1: Ball
1-1: Called Strike
1-2: SINGLE (Line Drive, 34, EV 95.6 MPH)
Neil Mautone to third
Andy Garvin to second
Runner from 3rd tries for Home, SAFE, throw by RF to home
Batting: SHB Ben Ervin 0-0: Called Strike
0-1: Ground out 1-3 (Groundball, 13, EV 70.0 MPH)
Top of the 6th over - 1 run, 2 hits, 0 errors, 2 left on base; Pawtucket 6 - Round Rock 2
BOTTOM OF THE 6TH
Round Rock Express batting - Pitching for Pawtucket Red Sox : RHP Danny Klomp
Now at 2B: Ben Ervin
Now in LF: Julian Toney
Batting: LHB Zion Davidson 0-0: Called Strike
0-1: Ball
1-1: Called Strike
1-2: Foul Ball, location: 2F
1-2: Ball
2-2: Strikes out swinging
Batting: RHB Adryão Anto 0-0: Ball
1-0: Ball
2-0: Ball
3-0: Base on Balls
Batting: RHB Martin Guerrero 0-0: Called Strike
Adryão Anto steals 2nd base
0-1: Called Strike
0-2: Strikes out swinging
Batting: RHB Ivan Colon 0-0: Foul Ball, location: 2F
0-1: Ball
1-1: Ball
2-1: Called Strike
2-2: Strikes out swinging
Bottom of the 6th over - 0 runs, 0 hits, 0 errors, 1 left on base; Pawtucket 6 - Round Rock 2
TOP OF THE 7TH
Pawtucket Red Sox batting - Pitching for Round Rock Express : RHP Tom Jensen
Pitching: RHP Aaron Munt
Batting: LHB Frank Olivo 0-0: Ground out 6-3 (Groundball, 6D, EV 101.2 MPH)
Batting: RHB Carlos Nolasco 0-0: Ball
1-0: Called Strike
1-1: Ground out 6-3 (Groundball, 6, EV 98.1 MPH)
Batting: RHB Sal Rivera 0-0: DOUBLE (Flyball, 8RXD, EV 105.6 MPH)
Batting: LHB Julian Toney 0-0: Ball
1-0: SINGLE (Groundball, 56D, EV 102.5 MPH)
Sal Rivera to third
Batting: RHB Neil Mautone Pickoff Throw to First - Error! E1
Sal Rivera scores
Julian Toney to second
0-0: Ball
1-0: Called Strike
1-1: Foul Ball, location: 2F
1-2: Ground out 6-3 (Groundball, 56, EV 100.0 MPH)
Top of the 7th over - 1 run, 2 hits, 1 error, 1 left on base; Pawtucket 7 - Round Rock 2
BOTTOM OF THE 7TH
Round Rock Express batting - Pitching for Pawtucket Red Sox : RHP Danny Klomp
Pitching: RHP Steve Capizzi
Batting: RHB Danny Heyer 0-0: Ball
1-0: Ball
2-0: Foul Ball, location: 2F
2-1: Swinging Strike
2-2: Strikes out looking
Batting: RHB C.J. Sagle 0-0: Called Strike
0-1: Fly out, F4 (Popup, 4M, EV 75.6 MPH)
Batting: RHB Bill Turnbull 0-0: Ground out 2-3 (Groundball, 13S, EV 66.9 MPH)
Bottom of the 7th over - 0 runs, 0 hits, 0 errors, 0 left on base; Pawtucket 7 - Round Rock 2
TOP OF THE 8TH
Pawtucket Red Sox batting - Pitching for Round Rock Express : RHP Aaron Munt
Batting: RHB Joe Evrard 0-0: SINGLE (Groundball, 34D, EV 94.4 MPH)
Batting: RHB Andy Garvin 0-0: Called Strike
0-1: Called Strike
0-2: Ball
1-2: Ball
2-2: Fielders Choice at 2nd, 3-6 (Groundball, 3, EV 89.4 MPH)
Batting: RHB Rodolfo Contreras 0-0: Grounds into double play, 5-4-3 (Groundball, 5S, EV 76.9 MPH)
Top of the 8th over - 0 runs, 1 hit, 0 errors, 0 left on base; Pawtucket 7 - Round Rock 2
BOTTOM OF THE 8TH
Round Rock Express batting - Pitching for Pawtucket Red Sox : RHP Steve Capizzi
Batting: RHB Carlos Lopez 0-0: Called Strike
0-1: Ball
1-1: Called Strike
1-2: Ball
2-2: Ball
3-2: Foul Ball, location: 2F
3-2: Foul Ball, location: 2F
3-2: Ground out 2-3 (Groundball, 13S, EV 75.0 MPH)
Batting: LHB Josh Stuck 0-0: Ground out 5-3 (Groundball, 56, EV 108.1 MPH)
Batting: LHB Zion Davidson 0-0: Ball
1-0: Swinging Strike
1-1: Fly out, F7 (Flyball, 78S, EV 76.9 MPH)
Bottom of the 8th over - 0 runs, 0 hits, 0 errors, 0 left on base; Pawtucket 7 - Round Rock 2
TOP OF THE 9TH
Pawtucket Red Sox batting - Pitching for Round Rock Express : RHP Aaron Munt
Batting: SHB Ben Ervin 0-0: Called Strike
0-1: Foul Ball, location: 2F
0-2: Ball
1-2: Strikes out swinging
Batting: LHB Frank Olivo 0-0: Ball
1-0: Foul Ball, location: 2F
1-1: Swinging Strike
1-2: Foul Ball, location: 2F
1-2: Strikes out swinging
Batting: RHB Carlos Nolasco 0-0: Ball
1-0: Called Strike
1-1: Ball
2-1: Foul Ball, location: 2F
2-2: Ball
3-2: SINGLE (Groundball, 6MD, EV 103.8 MPH)
Batting: RHB Sal Rivera 0-0: Called Strike
0-1: Swinging Strike
0-2: Ball
1-2: DOUBLE (Line Drive, 7LM, EV 110.6 MPH)
Carlos Nolasco to third
Runner from 3rd tries for Home, SAFE, throw by LF to home
Batting: LHB Julian Toney 0-0: Ball
1-0: Ball
2-0: Ground out 4-3 (Groundball, 4, EV 89.4 MPH)
Top of the 9th over - 1 run, 2 hits, 0 errors, 1 left on base; Pawtucket 8 - Round Rock 2
BOTTOM OF THE 9TH
Round Rock Express batting - Pitching for Pawtucket Red Sox : RHP Steve Capizzi
Batting: RHB Adryão Anto 0-0: Ball
1-0: Ball
2-0: Swinging Strike
2-1: DOUBLE (Line Drive, 3D, EV 95.0 MPH)
Batting: RHB Martin Guerrero 0-0: Ball
1-0: Foul Ball, location: 2F
1-1: Ground out 6-3 (Groundball, 56D, EV 86.9 MPH)
Pinch Hitting: LHB Jody Hudson 0-0: Ball
1-0: Ball
2-0: Called Strike
2-1: SINGLE (Groundball, 34D, EV 100.0 MPH)
Adryão Anto to third
Batting: RHB Danny Heyer 0-0: Ball
1-0: Called Strike
1-1: Ball
2-1: Ball
3-1: Called Strike
3-2: Base on Balls
Jody Hudson to second
Pitching: LHP Eric Del Sordo
Batting: RHB C.J. Sagle 0-0: Ball
1-0: Swinging Strike
1-1: Swinging Strike
1-2: Strikes out swinging
Batting: RHB Bill Turnbull 0-0: Called Strike
0-1: Swinging Strike
0-2: Ball
1-2: Foul Ball, location: 2F
1-2: Strikes out swinging
Bottom of the 9th over - 0 runs, 2 hits, 0 errors, 3 left on base; Pawtucket 8 - Round Rock 2
Tuesday, March 28th , 2023 - OOTP Baseball 23.10 Build 110